Cogmind - Beta 15 X1 @@@ ROGUE MODE // 2024.11.14 @ 14:37:57 Player: Terminus Result: Self-destructed Performance ------------- Evolutions (7) 3500 Regions Visited (25) 5000 Robots Destroyed (345) 1725 Value Destroyed (16674) 16674 Prototype IDs (51) 1020 Alien Tech Used (0) 0 Bonus (11765) 11765 TOTAL SCORE: 39684 Bonus ------- High Alert Combat Kills 1368 Follower Combat Kills 539 Awakened Behemoth Slayer 1000 Network Hubs Disabled 200 Delivered SUBCON Basin 2000 Met Data Miner 300 Met Imprinter 300 Was Imprinted 300 Met Warlord at Base 500 MAIN.C Attacked Warlord 500 Warlord Defense Kills 5522 Friendly Fire -764 Cogmind --------- Core Integrity 1146/1300 Matter 300/300 Energy 128/770 System Corruption 10% Temperature Cool (0) Movement Immobile (Siege) Ox1 Location -3/Research Parts ------- > --- POWER (4) -------- Light Antimatter Reactor Vortex Chain Reactor > --- PROPULSION (4) --- Armored Heavy Treads Centrium Heavy Treads > --- UTILITY (11) ----- Advanced Cooling System Huge Storage Unit Advanced Signal Interpreter Advanced Targeting Computer Core Analyzer Quantum Capacitor > --- WEAPON (2) ------- Cooled Particle Cannon Hypervelocity Alpha Cannon > --- INVENTORY (25) --- Light Antimatter Reactor Reinforced Antimatter Reactor Heavy Treads Advanced Cooling System Advanced Cooling System Machine Analyzer Experimental Terrain Scan Processor Experimental Core Analyzer Advanced Particle Charger Improved Weapon Cycler Advanced Transmission Jammer Hardened Medium Armor Plating Hardened Heavy Armor Plating Improved Medium Armor Plating Improved Medium Armor Plating Layered Medium Armor Plating Improved Shield Generator Hacking Drone Bay (1/1) Cooled Plasma Cannon Nova Cannon CR-A16's Behemoth Slayer Peak State ------------ > --- POWER ------------ Light Antimatter Reactor Particle Reactor Vortex Chain Reactor > --- PROPULSION ------- Armored Heavy Treads Centrium Heavy Treads > --- UTILITY ---------- Advanced Power Amplifier Advanced Cooling System Advanced Cooling System Huge Storage Unit Advanced Signal Interpreter Advanced Targeting Computer Core Analyzer Advanced Transmission Jammer Hardened Medium Armor Plating Advanced Force Field Mapping Drone Bay > --- WEAPON ----------- Nova Cannon Hypervelocity Alpha Cannon > --- INVENTORY -------- Light Antimatter Reactor Heavy Treads Advanced Cooling System Advanced Cooling System Machine Analyzer Experimental Terrain Scan Processor Experimental Core Analyzer Advanced Particle Charger Improved Weapon Cycler Hardened Medium Armor Plating Hardened Medium Armor Plating Improved Medium Armor Plating Improved Medium Armor Plating Improved Shield Generator Advanced Force Field Hacking Drone Bay Cooled Particle Cannon Cooled Plasma Cannon CR-A16's Behemoth Slayer [Rating: 158] Favorites ----------- Power Neutrino Core Engine Improved Deuterium Engine Power Core Neutrino Core Reactor Heavy Antimatter Reactor Propulsion Improved Treads Treads Improved Treads Leg Myomer Leg Wheel Armored Huge Wheel Utility Huge Storage Unit Device Improved Cooling System Storage Huge Storage Unit Processor Advanced Targeting Computer Hackware Improved Hacking Suite Protection Improved Medium Armor Plating Weapon Cooled Particle Cannon Energy Gun Medium Laser Energy Cannon Cooled Particle Cannon Ballistic Gun Light Assault Rifle Ballistic Cannon Improved Light Cannon Launcher Micro-nuke Launcher Special Weapon Multitool Impact Weapon Hammer Piercing Weapon CR-A16's Behemoth Slayer Build | -11 -10 -10 -10 -9 -7 -7 -7 -7 -6 -6 -6 -6 -6 -5 -5 -5 -5 -5 -5 -4 -4 -4 -4 -3 -3 ------- Run | Yrd Mat Min Sub Rec Fac Low Low Zio Pro Fac Low Low Dat Pro Fac Ext Cet Arc Hub Fac Upp Upp War Pro Res Slots Evolved 14 | . . . . . 6 . . . . 2 . . . . 2 . . . . 2 . . . . 2 Power 3 | . . . . . . . . . . 1 . . . . . . . . . 1 . . . . 1 Propulsion 2 | . . . . . 2 . . . . . . . . . . . . . . . . . . . . Utility 9 | . . . . . 4 . . . . 1 . . . . 2 . . . . 1 . . . . 1 Weapon . | . . . . . . . . . . . . . . . . . . . . . . . . . . Parts Attached 208 | 7 11 1 11 1 25 . 2 4 1 34 8 . . 1 16 14 7 6 8 21 2 5 11 3 9 Power 27 | 1 1 . 1 . 2 . . 1 . 4 1 . . . 3 3 1 . . 4 . . 2 1 2 Engine 15 | 1 1 . 1 . 2 . . 1 . 4 1 . . . 3 1 . . . . . . . . . Core 5 | . . . . . . . . . . . . . . . . 2 . . . 2 . . 1 . . Reactor 7 | . . . . . . . . . . . . . . . . . 1 . . 2 . . 1 1 2 Propulsion 39 | 2 . 1 7 . 6 . . . . 6 3 . . . 3 5 1 . . . 1 1 3 . . Treads 29 | 2 . 1 5 . 4 . . . . 5 3 . . . . 5 1 . . . . 1 2 . . Leg 2 | . . . . . . . . . . . . . . . . . . . . . 1 . 1 . . Wheel 8 | . . . 2 . 2 . . . . 1 . . . . 3 . . . . . . . . . . Hover . | . . . . . . . . . . . . . . . . . . . . . . . . . . Flight . | . . . . . . . . . . . . . . . . . . . . . . . . . . Utility 100 | 1 4 . . . 13 . . 3 1 15 2 . . . 7 6 3 6 7 16 . 2 5 2 7 Device 59 | . 1 . . . 9 . . 2 1 9 2 . . . 4 4 1 3 2 9 . 2 4 1 5 Storage 5 | 1 2 . . . . . . . . . . . . . . . . . 2 . . . . . . Processor 6 | . . . . . 1 . . . . 1 . . . . 1 . . . . 2 . . . . 1 Hackware 4 | . . . . . 1 . . . . 1 . . . . . . . . . 2 . . . . . Protection 26 | . 1 . . . 2 . . 1 . 4 . . . . 2 2 2 3 3 3 . . 1 1 1 Artifact . | . . . . . . . . . . . . . . . . . . . . . . . . . . Weapon 42 | 3 6 . 3 1 4 . 2 . . 9 2 . . 1 3 . 2 . 1 1 1 2 1 . . Energy Gun 3 | 1 . . . . . . . . . 1 . . . . 1 . . . . . . . . . . Energy Cannon 21 | . . . 2 1 3 . . . . 6 1 . . 1 . . 2 . 1 1 1 1 1 . . Ballistic Gun 4 | 2 2 . . . . . . . . . . . . . . . . . . . . . . . . Ballistic Cannon 7 | . 2 . 1 . 1 . 1 . . 2 . . . . . . . . . . . . . . . Launcher 3 | . 1 . . . . . 1 . . . . . . . . . . . . . . 1 . . . Special Weapon 1 | . . . . . . . . . . . . . . . 1 . . . . . . . . . . Impact Weapon 1 | . 1 . . . . . . . . . . . . . . . . . . . . . . . . Slashing Weapon . | . . . . . . . . . . . . . . . . . . . . . . . . . . Piercing Weapon 2 | . . . . . . . . . . . 1 . . . 1 . . . . . . . . . . Special Melee Weapon . | . . . . . . . . . . . . . . . . . . . . . . . . . . Unidentified Prototypes 18 | . . . . . 1 . . . . 5 . . . . 1 . 2 1 1 3 . . 3 1 . Corrupted Parts 1 | . . . . . . . . . . . . . . . . . . . . 1 . . . . . System Corruption 4 | . . . . . . . . . . . . . . . . . . . . 4 . . . . . Parts Lost 65 | . 1 . . . 1 . . . . 8 5 . . . 6 10 5 1 1 10 . 2 7 1 7 Power 13 | . 1 . . . . . . . . 2 1 . . . 1 2 . . . 1 . . 3 . 2 Propulsion 11 | . . . . . . . . . . 2 2 . . . 2 3 . . . 1 . . 1 . . Utility 34 | . . . . . 1 . . . . 4 2 . . . 3 5 3 1 1 6 . 1 2 1 4 Weapon 7 | . . . . . . . . . . . . . . . . . 2 . . 2 . 1 1 . 1 Highest Loss Streak 5 | . 1 . . . 1 . . . . 5 4 . . . 4 5 5 1 1 5 . 2 5 1 2 To Critical Strikes 2 | . . . . . . . . . . . . . . . . 1 . . . . . . 1 . . Average Backups 21 | 1 14 25 22 11 23 24 24 24 24 23 23 23 23 23 23 22 22 22 22 21 23 21 22 17 19 Power 1 | . . . . . 1 2 2 1 1 . 1 1 1 1 1 3 3 3 3 2 4 4 3 2 1 Propulsion 2 | . 4 6 5 2 2 3 3 3 3 2 1 1 1 1 1 1 1 2 2 1 2 2 1 1 . Utility 9 | . 3 6 6 5 10 11 11 11 11 10 10 10 10 10 10 8 9 9 11 11 11 10 11 10 13 Weapon 7 | . 5 11 9 3 8 7 7 7 8 8 9 9 9 8 8 8 6 5 4 5 5 4 4 4 3 Tool/Special . | . . . . . . . . . . . . . . . . . . . . . . . . . . Unused Backups 51 | . . 3 8 . 13 . . . . 9 . . . . . 1 . 2 3 2 . . 1 . 9 Power 5 | . . . . . . . . . . 1 . . . . . 1 . 1 . . . . . . 2 Propulsion 3 | . . . 2 . 1 . . . . . . . . . . . . . . . . . . . . Utility 19 | . . . 2 . 2 . . . . 3 . . . . . . . 1 1 2 . . 1 . 7 Weapon 23 | . . 3 4 . 10 . . . . 5 . . . . . . . . 1 . . . . . . Tool/Special 1 | . . . . . . . . . . . . . . . . . . . 1 . . . . . . Average Slot Usage (%) 92 | . 98 100 99 100 94 92 92 92 92 89 92 93 82 93 93 94 88 83 85 87 88 87 87 82 83 Engine 7 | . 13 14 14 14 7 7 7 7 7 10 12 13 13 13 10 4 . . . . . . . . . Core 1 | . . . . . . . . . . . . . . . . 6 8 5 5 6 5 5 4 . . Reactor 2 | . . . . . . . . . . . . . . . . . 1 5 5 8 10 10 9 9 14 Treads 16 | . 28 28 19 28 19 15 15 15 15 12 14 20 20 20 15 15 14 11 11 7 9 10 9 10 9 Wheel 2 | . . . 8 . 4 7 7 7 7 5 4 . . . 4 1 . . . 2 . . . . . Device 14 | . 9 . . . 20 15 15 15 15 15 9 13 13 13 14 25 23 22 26 23 21 21 22 20 25 Storage 7 | . 14 14 14 14 7 7 7 7 7 6 6 6 6 6 5 5 5 5 5 5 5 5 5 5 4 Processor 8 | . . . . . 1 7 7 7 7 7 13 13 13 13 16 14 11 11 11 11 15 15 15 15 14 Hackware 3 | . . . . . 5 7 7 7 7 6 6 6 6 6 3 . . . . 4 5 5 3 . . Protection 7 | . 2 14 14 14 8 7 7 7 7 7 8 6 6 6 5 4 7 6 5 5 5 4 4 9 5 Energy Cannon 8 | . . . 11 14 7 7 6 7 7 8 12 13 2 13 10 11 11 11 11 9 10 7 8 9 9 Ballistic Cannon 5 | . 3 28 16 14 7 7 6 7 7 4 . . . . . . . . . . . . . . . Peak Build Rating 158 | 6 12 12 31 31 53 53 54 53 56 71 76 71 71 71 89 87 110 110 110 126 122 134 148 139 158 Average Rating 67 | 4 8 12 17 25 42 50 50 51 53 65 72 70 61 70 81 83 93 104 104 116 120 125 130 136 151 On Entrance 67 | . 6 12 12 31 15 50 50 50 53 53 71 71 71 71 71 79 87 108 102 103 121 122 117 99 135 Naked Turns . | . . . . . . . . . . . . . . . . . . . . . . . . . . Heaviest Build 202 | 13 94 94 102 102 116 114 114 116 116 138 137 137 137 137 146 146 150 152 151 172 163 168 189 191 202 Greatest Support 150 | 40 40 40 46 46 92 28 28 28 28 50 80 80 80 80 80 116 150 150 150 150 150 150 150 140 150 Greatest Overweight (x) 14 | . 2 2 5 2 4 4 4 4 4 4 4 1 1 1 14 8 1 1 1 6 2 1 2 1 1 Average Overweight (x) 2 | . . 2 3 2 3 4 3 4 4 3 3 1 1 1 6 1 . . . 3 1 1 . . 1 Largest Inventory Capacity 25 | 8 25 25 25 25 25 25 25 25 25 25 25 25 25 25 25 25 25 25 25 25 25 25 25 25 25 Average Capacity 24 | 6 19 25 25 25 25 25 25 25 25 25 25 25 25 25 25 25 25 25 25 25 25 25 25 25 25 Most Carried 25 | 2 25 25 25 25 25 25 25 25 25 25 25 25 25 25 25 25 25 25 25 25 25 25 25 23 24 Average Carried 23 | 1 14 24 24 21 23 25 24 24 25 24 24 24 25 24 24 23 24 24 24 23 25 23 24 18 20 Final Capacity 25 | 8 25 25 25 25 25 25 25 25 25 25 25 25 25 25 25 25 25 25 25 25 25 25 25 25 25 Final Carried 25 | 2 25 25 25 18 25 25 25 25 25 25 25 25 25 25 25 25 25 25 25 25 25 25 23 19 23 Class Distribution -------------------- 53% | Mutant 40% | Scavenger-Mutant 3% | Generator-Mutant Dominant Class ---------------- Mutant | -10/Materials Mutant | -10/Mines Mutant | -10/Subcaves Mutant | -9/Recycling Mutant | -7/Factory Mutant | -7/Lower Caves Mutant | -7/Lower Caves Mutant | -7/Zion Mutant | -6/Proximity Caves Mutant | -6/Factory Mutant | -6/Lower Caves Scavenger-Mutant | -6/Lower Caves Scavenger-Mutant | -6/Data Miner Scavenger-Mutant | -5/Proximity Caves Scavenger-Mutant | -5/Factory Scavenger-Mutant | -5/Extension Scavenger-Mutant | -5/Cetus Scavenger-Mutant | -5/Archives Scavenger-Mutant | -5/Hub_04(d) Scavenger-Mutant | -4/Factory Scavenger-Mutant | -4/Upper Caves Scavenger-Mutant | -4/Upper Caves Scavenger-Mutant | -4/Warlord Scavenger-Mutant | -3/Proximity Caves Generator-Mutant | -3/Research Resources | -11 -10 -10 -10 -9 -7 -7 -7 -7 -6 -6 -6 -6 -6 -5 -5 -5 -5 -5 -5 -4 -4 -4 -4 -3 -3 ----------- Run | Yrd Mat Min Sub Rec Fac Low Low Zio Pro Fac Low Low Dat Pro Fac Ext Cet Arc Hub Fac Upp Upp War Pro Res Matter Collected 6940 | 193 335 275 255 10 842 218 261 225 68 963 165 . . 36 462 379 113 130 237 538 103 239 327 317 249 Remotely . | . . . . . . . . . . . . . . . . . . . . . . . . . . Salvage Created 17948 | . 615 67 108 194 960 71 178 . . 2237 429 54 . 191 1487 972 312 605 1388 2406 322 332 2194 441 2385 Parts 757 | . 53 5 9 11 50 1 4 . . 79 19 2 . 3 68 30 9 26 45 91 6 22 76 26 122 Haulers Intercepted 14 | . 2 . . . 2 . . . . 6 . . . . . . . . 3 1 . . . . . Recyclers Shooed 9 | . 1 . . 3 . . . . . 2 . . . . 3 . . . . . . . . . . Parts Field Recycled . | . . . . . . . . . . . . . . . . . . . . . . . . . . Retrieved Matter . | . . . . . . . . . . . . . . . . . . . . . . . . . . Parts Self-Destructed 124 | . . . 5 . . 10 11 . 9 . 16 9 . 3 . . . . . . 5 30 . 26 . Prevented 6 | . . . . . . . . . 6 . . . . . . . . . . . . . . . . Kills | -11 -10 -10 -10 -9 -7 -7 -7 -7 -6 -6 -6 -6 -6 -5 -5 -5 -5 -5 -5 -4 -4 -4 -4 -3 -3 ------- Run | Yrd Mat Min Sub Rec Fac Low Low Zio Pro Fac Low Low Dat Pro Fac Ext Cet Arc Hub Fac Upp Upp War Pro Res Combat Hostiles Destroyed 274 | . 16 2 6 2 18 2 11 . . 24 7 1 . 2 17 17 4 4 13 34 2 11 36 12 33 Melee 1 | . . . . . . . . . . . . . . . . . . . . . . . . . 1 Guns 8 | . 8 . . . . . . . . . . . . . . . . . . . . . . . . Cannons 199 | . . 2 2 2 18 2 2 . . 23 6 . . 2 12 15 3 3 6 27 1 3 28 12 30 AOE 42 | . 8 . 4 . . . 9 . . . . . . . 3 . . . 2 . . 8 8 . . Classes Destroyed 25 | . 6 1 2 2 2 . 1 . . 2 2 . . 1 1 . . . . . . . 4 . 1 Worker 9 | . 1 . . . 1 . . . . 2 . . . . . . . . 3 2 . . . . . Builder 13 | . . . . 1 3 . . . . 1 . . . . . 1 . . 3 2 . . . . 2 Tunneler 2 | . . . . . 1 . . . . . . . . . . 1 . . . . . . . . . Hauler 14 | . 2 . . . 2 . . . . 6 . . . . . . . . 3 1 . . . . . Recycler 7 | . . . . 1 . . . . . 3 . . . . 3 . . . . . . . . . . Operator 11 | . 1 . . . 1 . . . . . . . . . . . . 7 2 . . . . . . Drone 4 | . . . . . . . . . . . . . . 2 . . . . . . . . . 2 . Turret 2 | . . . 2 . . . . . . . . . . . . . . . . . . . . . . Watcher 15 | . 3 . . . . . . . . 3 . . . . 3 . 1 . 4 1 . . . . . Swarmer 45 | . 6 . 4 . . . 3 . . . 3 . . . 2 5 . . . 4 . 8 1 9 . Saboteur 2 | . . . . . . . . . . . . . . . . . . . . . . . . . 2 Grunt 107 | . 10 . . . 11 2 . . . 12 2 1 . . 4 7 . . 8 14 1 . 15 . 20 Brawler 3 | . . . . . . . . . . . 1 . . . . . . . . . . . 1 . 1 Duelist 3 | . . . . . . . . . . 1 . . . . . . . . . . . . . . 2 Protector 3 | . . . . . . . . . . . . . . . . . . . . . . . 2 . 1 Sentry 32 | . . 2 1 2 4 . . . . 2 . . . . 3 4 . 4 3 3 1 1 . 1 1 Specialist 2 | . . . . . . . . . . . . . . . . . . . . . . . 2 . . Hunter 10 | . . . . . . . . . . 5 . . . . . 1 . . . 2 . 2 . . . Programmer 38 | . . . . . 3 . . . . 4 . . . . 8 . . . 2 10 . . 6 . 5 Behemoth 6 | . . . . . . . . . . . 1 . . . . . . . . 1 . . 3 . 1 Cetus Guard 4 | . . . . . . . . . . . . . . . . . 4 . . . . . . . . Striker 2 | . . . . . . . . . . . . . . . . . . . . . . . 2 . . Executioner 4 | . . . . . . . . . . . . . . . . . . . . . . . 4 . . Subdweller 1 | . . . 1 . . . . . . . . . . . . . . . . . . . . . . Z-Heavy 2 | . . . . . . . . . . . . . . . 2 . . . . . . . . . . Packrat 3 | . . . . . . . . . . . 1 . . 2 . . . . . . . . . . . Assembled 4 | . . . . . . . 4 . . . . . . . . . . . . . . . . . . Thug 4 | . . . . . . . 4 . . . . . . . . . . . . . . . . . . Best Kill Streak 14 | . 3 2 4 1 6 2 4 . . 4 3 1 . 1 6 5 3 4 14 7 2 4 10 5 9 Combat Bots Only 10 | . 3 2 4 1 4 2 4 . . 4 3 1 . 1 6 5 2 1 5 5 2 4 10 5 9 Max Kills in Single Turn 10 | . 2 1 4 1 2 1 3 . . 1 1 1 . 1 2 2 1 1 10 2 1 4 2 2 2 Gunslinging 1 | . 1 . . . . . . . . . . . . . . . . . . . . . . . . Exploded 4 | . 2 . 4 . . . 3 . . . . . . . 2 . . . 2 . . 4 2 . . Melee 1 | . . . . . . . . . . . . . . . . . . . . . . . . . 1 Uniques/NPCs Destroyed . | . . . . . . . . . . . . . . . . . . . . . . . . . . Combat | -11 -10 -10 -10 -9 -7 -7 -7 -7 -6 -6 -6 -6 -6 -5 -5 -5 -5 -5 -5 -4 -4 -4 -4 -3 -3 -------- Run | Yrd Mat Min Sub Rec Fac Low Low Zio Pro Fac Low Low Dat Pro Fac Ext Cet Arc Hub Fac Upp Upp War Pro Res Hostile Shots Fired 1708 | . 37 6 38 8 117 24 45 . . 271 111 1 . . 139 101 65 18 32 255 6 35 193 27 179 Missed 471 | . 8 3 10 1 46 9 13 . . 74 29 . . . 37 35 22 6 8 59 1 8 52 8 42 Damage Taken 20017 | . 318 44 229 105 633 173 449 . . 2771 1271 14 . . 1884 1191 1030 317 452 3578 80 284 3179 227 1788 Core 1523 | . 69 29 41 . 102 12 52 . . 147 47 . . . 163 144 103 . . 263 . 27 160 10 154 Absorbed by Shields 4552 | . . . . . 247 62 167 . . 369 267 5 . . 581 290 161 . 161 296 28 105 355 216 1242 Reduced by Siege Mode 504 | . . . . . . . . . . . . . . . . 13 42 28 24 161 . 16 118 . 102 Ignored by Resistances 162 | . . . . . . . . . . . . . . . . . . . 38 124 . . . . . Regen/Repaired (Parts) 3308 | . . . . . . . . . . 223 . . . . . . . . . 690 . . 1100 . 1295 Core Remaining (%) 69 | 100 . . . 44 . . . . 76 . . . . 77 . . . . 59 . . . . 60 . Volleys Fired 1059 | . 53 5 19 15 84 31 40 . 8 139 37 2 . 20 86 60 22 39 82 125 7 13 67 16 89 Largest 2 | . 2 2 2 1 2 2 2 . 2 2 2 2 . 2 2 2 2 2 2 2 2 2 2 1 2 Hottest 203 | . 70 66 113 80 120 120 120 . 120 130 120 120 . 120 120 120 120 120 128 128 180 180 203 90 203 Shots Fired 1663 | . 98 10 25 14 143 40 45 . 10 247 59 3 . 40 129 111 39 78 122 227 15 19 68 16 105 Gun 92 | . 92 . . . . . . . . . . . . . . . . . . . . . . . . Cannon 1516 | . . 10 17 14 143 40 33 . 10 247 59 3 . 40 119 111 39 78 122 227 15 17 51 16 105 Launcher 49 | . 6 . 8 . . . 12 . . . . . . . 4 . . . . . . 2 17 . . Special 6 | . . . . . . . . . . . . . . . 6 . . . . . . . . . . Kinetic 308 | . 47 10 11 . 84 31 28 . 8 89 . . . . . . . . . . . . . . . Thermal 1167 | . 45 . 6 14 59 9 5 . 2 158 59 3 . 40 125 111 39 78 122 227 15 8 6 . 36 Explosive 49 | . 6 . 8 . . . 12 . . . . . . . 4 . . . . . . 2 17 . . Electromagnetic . | . . . . . . . . . . . . . . . . . . . . . . . . . . Phasic 139 | . . . . . . . . . . . . . . . . . . . . . . 9 45 16 69 Robot Hit Streak 37 | . 9 13 17 5 14 13 9 . . 13 10 5 . 9 20 23 22 14 32 22 10 15 21 5 37 Robot Miss Streak 6 | . 4 . 1 1 6 1 1 . 4 5 2 . . 4 2 3 3 3 5 2 2 1 1 2 3 Penetration Max 3 | . . . . . . . . . . . . . . . . . . . . . . . 2 1 3 Secondary Targets 1 | . 1 . . . . . . . . . . . . . . . . . . . . . . . . Max Gunslinging Chain 1 | . 1 . . . . . . . . . . . . . . . . . . . . . . . . Capacitor 61 | . . . . . . . . . . . . . . . . . . . . . . . . . 61 Shots Hit Robots 1046 | . 54 8 12 9 72 15 7 . . 166 43 2 . 8 78 88 34 54 62 173 10 10 45 11 85 Core Hits 544 | . 39 2 13 4 36 5 20 . 1 66 9 . . 4 41 33 14 21 37 67 5 10 62 7 48 Critical Kills 14 | . . . . . . . . . . 2 . 1 . . 1 1 1 2 2 2 1 . . . 1 Critical Parts Destroyed . | . . . . . . . . . . . . . . . . . . . . . . . . . . Critical Strikes 130 | . 3 . . . 11 1 . . . 11 2 1 . . 1 1 1 2 2 2 1 4 36 5 46 Burn 3 | . 3 . . . . . . . . . . . . . . . . . . . . . . . . Meltdown 14 | . . . . . . . . . . 2 . 1 . . 1 1 1 2 2 2 1 . . . 1 Blast 21 | . . . . . 11 1 . . . 9 . . . . . . . . . . . . . . . Impale 2 | . . . . . . . . . . . 2 . . . . . . . . . . . . . . Phase 90 | . . . . . . . . . . . . . . . . . . . . . . 4 36 5 45 Melee Attacks 19 | . 3 . . . . . . . . . 14 . . . 1 . . . . 1 . . . . . Impact 3 | . 3 . . . . . . . . . . . . . . . . . . . . . . . . Slashing . | . . . . . . . . . . . . . . . . . . . . . . . . . . Piercing 16 | . . . . . . . . . . . 14 . . . 1 . . . . 1 . . . . . Sneak Attacks 1 | . . . . . . . . . . . . . . . 1 . . . . . . . . . . Combat Hostiles . | . . . . . . . . . . . . . . . . . . . . . . . . . . Follow-up Attacks . | . . . . . . . . . . . . . . . . . . . . . . . . . . Damage Inflicted 42218 | . 935 179 545 251 2127 397 993 . 31 4711 1185 61 . 232 2908 2731 1017 1613 3653 5899 324 993 6617 528 4288 Guns 547 | . 547 . . . . . . . . . . . . . . . . . . . . . . . . Cannons 33006 | . . 164 224 248 2073 397 189 . 31 4700 958 61 . 232 2398 2720 1017 1613 1965 5879 324 359 2638 528 4288 Explosions 8190 | . 373 . 321 . . . 804 . . . . . . . 432 . . . 1647 . . 634 3979 . . Melee 275 | . . . . . . . . . . . 227 . . . 48 . . . . . . . . . . Ramming 170 | . 15 15 . 3 54 . . . . 11 . . . . . 11 . . 41 20 . . . . . Kinetic 3395 | . 235 164 147 . 965 221 82 . 31 1550 . . . . . . . . . . . . . . . Thermal 23853 | . 312 . 77 248 1108 176 107 . . 3150 958 61 . 232 2549 2720 1017 1613 1965 5879 324 199 158 . 1000 Explosive 6422 | . 373 . 321 . . . 804 . . . . . . . 311 . . . . . . 634 3979 . . Electromagnetic 1647 | . . . . . . . . . . . . . . . . . . . 1647 . . . . . . Impact . | . . . . . . . . . . . . . . . . . . . . . . . . . . Slashing . | . . . . . . . . . . . . . . . . . . . . . . . . . . Piercing 275 | . . . . . . . . . . . 227 . . . 48 . . . . . . . . . . Phasic 6456 | . . . . . . . . . . . . . . . . . . . . . . 160 2480 528 3288 Highest Corruption 20 | . . . . . . . . . . 1 1 1 1 1 20 20 20 20 . 8 8 8 8 2 10 Average Corruption 7 | . . . . . . . . . . 1 1 1 1 1 13 20 20 14 . 3 8 8 2 2 9 Corruption Purged 20 | . . . . . . . . . . . . . . . . . . 20 . . . . . . . Corruption Blocked . | . . . . . . . . . . . . . . . . . . . . . . . . . . Effects 336 | . . . . . . . . . . 13 10 4 1 4 47 107 15 20 . 26 28 32 8 8 13 Message Errors 91 | . . . . . . . . . . 3 3 1 1 1 10 35 2 5 . 4 9 5 4 3 5 Matter Fused 67 | . . . . . . . . . . 5 2 1 . . 8 21 4 2 . 4 7 6 2 3 2 Heat Flow Errors 47 | . . . . . . . . . . . 1 . . 1 8 16 2 2 . 3 2 9 1 2 . Energy Discharges 39 | . . . . . . . . . . 2 3 . . 1 4 9 1 2 . 6 6 3 1 . 1 Parts Rejected 2 | . . . . . . . . . . . . . . . . 1 . . . 1 . . . . . Parts Fused 1 | . . . . . . . . . . . . . . . . . . . . . . 1 . . . Data Loss (minor) 32 | . . . . . . . . . . 1 . . . 1 5 11 2 2 . 2 1 4 . . 3 Data Loss (major) 12 | . . . . . . . . . . . . 2 . . 1 4 . 3 . 2 . . . . . Misfires 13 | . . . . . . . . . . 2 . . . . 3 . . 2 . . 2 3 . . 1 Alerts 8 | . . . . . . . . . . . . . . . 3 1 . 1 . 1 1 1 . . . Misdirections 2 | . . . . . . . . . . . . . . . 1 1 . . . . . . . . . Weapon Failures 22 | . . . . . . . . . . . 1 . . . 4 8 4 1 . 3 . . . . 1 Overload Shots . | . . . . . . . . . . . . . . . . . . . . . . . . . . Overflow Damage 830 | . . 8 3 . 25 . 45 . . 67 75 . . 38 67 23 . 61 152 120 26 33 57 30 . Projectiles 567 | . . 8 3 . 22 . 8 . . 67 75 . . 38 67 23 . 61 19 120 26 . . 30 . Explosions 260 | . . . . . . . 37 . . . . . . . . . . . 133 . . 33 57 . . Melee 3 | . . . . . 3 . . . . . . . . . . . . . . . . . . . . Knockbacks 37 | . . . 3 . 7 4 1 . . 20 . . . . . . . . 1 1 . . . . . Impact 2 | . . . . . . . . . . . . . . . . . . . 1 1 . . . . . Kinetic 34 | . . . 3 . 7 4 1 . . 19 . . . . . . . . . . . . . . . Secondary 1 | . . . . . . . . . . 1 . . . . . . . . . . . . . . . Self-Inflicted Damage 339 | . 16 . . . 21 . 96 . . . . . . . 125 . . . 81 . . . . . . Shots 7 | . 1 . . . . . 3 . . . . . . . 2 . . . 1 . . . . . . Rammed 19 | 1 3 1 . 1 3 . . . . 2 . . . . . 3 . . 2 3 . . . . . Targets Rammed 20 | 1 4 1 . 1 3 . . . . 2 . . . . . 3 . . 2 3 . . . . . Kicked . | . . . . . . . . . . . . . . . . . . . . . . . . . . Crushed 1 | . 1 . . . . . . . . . . . . . . . . . . . . . . . . Highest Temperature 348 | . 148 63 16 180 69 16 135 . 45 246 216 75 . 240 339 260 107 223 177 348 216 273 64 99 214 Average Temperature 67 | . 29 26 7 57 23 7 57 . 27 48 79 37 . 98 131 84 38 68 40 71 56 107 64 55 63 Received Heat Transfer 3235 | . 153 18 69 45 244 106 73 . . 445 261 6 . . 165 250 42 36 60 822 24 12 187 12 205 Effects 6 | . . . . . . . . . . 1 . . . . 3 . . . . 1 . 1 . . . Shutdowns 1 | . . . . . . . . . . . . . . . . . . . . 1 . . . . . Energy Bleed 3 | . . . . . . . . . . 1 . . . . 2 . . . . . . . . . . Interference 1 | . . . . . . . . . . . . . . . . . . . . . . 1 . . . Damage (minor) 1 | . . . . . . . . . . . . . . . 1 . . . . . . . . . . Siege Activations 39 | . . . . . . . . . . . . . . . . 3 1 4 6 9 1 3 3 1 8 Total Turns 704 | . . . . . . . . . . . . . . . . 101 49 32 84 219 25 23 70 4 97 Longest Duration 49 | . . . . . . . . . . . . . . . . 45 49 13 20 36 25 14 40 4 26 Martial Activations . | . . . . . . . . . . . . . . . . . . . . . . . . . . Shielding Activations . | . . . . . . . . . . . . . . . . . . . . . . . . . . Robots Disrupted . | . . . . . . . . . . . . . . . . . . . . . . . . . . Combat Hostiles . | . . . . . . . . . . . . . . . . . . . . . . . . . . Robots Corrupted 4 | . . . . . 1 . . . . . . . . . . . . . 3 . . . . . . Combat Hostiles 2 | . . . . . . . . . . . . . . . . . . . 2 . . . . . . Parts Fried 15 | . . . . . 2 . . . . . . . . . . . . . 13 . . . . . . Impact Corruptions 1 | . . . . . 1 . . . . . . . . . . . . . . . . . . . . Robots Melted 25 | . . . . . . . . . . 2 . 1 . . 3 3 1 2 4 6 1 . . . 2 Combat Hostiles 20 | . . . . . . . . . . 1 . 1 . . 2 2 1 1 3 6 1 . . . 2 Parts Melted 118 | . 1 1 . . 1 . . . . 16 2 2 . 1 20 4 2 11 16 34 2 . . . 5 Heat Transferred 34074 | . 1147 . 111 333 1567 350 200 . . 4681 1321 87 . 335 3421 3950 1505 2360 2797 8005 461 261 149 . 1033 Parts Sabotaged 3 | . . . . . . . . . . . . . . . . . . . . . . . . . 3 Parts Stolen . | . . . . . . . . . . . . . . . . . . . . . . . . . . Parts Stripped . | . . . . . . . . . . . . . . . . . . . . . . . . . . Power Chain Reactions . | . . . . . . . . . . . . . . . . . . . . . . . . . . Alert | -11 -10 -10 -10 -9 -7 -7 -7 -7 -6 -6 -6 -6 -6 -5 -5 -5 -5 -5 -5 -4 -4 -4 -4 -3 -3 ------- Run | Yrd Mat Min Sub Rec Fac Low Low Zio Pro Fac Low Low Dat Pro Fac Ext Cet Arc Hub Fac Upp Upp War Pro Res Maximum Alert Level 4 | . 1 . . . 1 . . . . 2 . . . . 2 1 . . 3 2 . . . . 4 Low Security (%) 66 | 100 80 100 . 100 80 . . . . 67 . . . . 11 45 100 100 99 25 . . . . . Level 1 22 | . 19 . . . 19 . . . . 19 . . . . 62 54 . . . 50 . . . . . Level 2 8 | . . . . . . . . . . 13 . . . . 26 . . . . 24 . . . . 48 Level 3 2 | . . . . . . . . . . . . . . . . . . . . . . . . . 45 Level 4 . | . . . . . . . . . . . . . . . . . . . . . . . . . 5 Level 5 . | . . . . . . . . . . . . . . . . . . . . . . . . . . High Security . | . . . . . . . . . . . . . . . . . . . . . . . . . . Max Security . | . . . . . . . . . . . . . . . . . . . . . . . . . . Peak Influence 1225 | . 260 83 . 43 258 . . . . 437 . . . . 509 339 100 66 718 697 . . . . 1225 Initial 900 | . . 83 . 43 150 . . . . 152 . . . . 450 244 100 . . 346 . . . . 900 Average 160 | . 108 5 . 5 84 . . . . 159 . . . . 314 205 30 12 23 319 . . . . 744 Influence Increases 11002 | . 676 41 290 182 739 50 60 . 105 1103 170 20 . 10 1149 835 89 167 947 1001 60 250 765 230 2063 Destroy 0b10 Robot/C 5460 | . 320 40 140 60 360 40 60 . 60 500 140 20 . . 340 500 80 80 260 680 40 220 680 200 640 Destroy 0b10 Robot/NC 430 | . 35 . . 10 40 . . . 10 75 . . . 10 30 35 5 35 75 30 5 . 10 10 15 Destroy Leader 898 | . 80 . . . 104 10 . . 10 158 30 . . . 86 52 . . 64 154 . 30 . 20 100 Allied During Kill 118 | . . . . 3 1 . . . 25 3 . . . . 2 84 . . . . . . . . . Successful Hack 92 | . 38 . . 16 22 . . . . . . . . . . . . . . 7 . . . . 9 Select Force Hacks 150 | . 60 . . 90 . . . . . . . . . . . . . . . . . . . . . Disable Machine 555 | . 30 . . . 15 . . . . 135 . . . . 75 15 . 30 150 45 . . . . 60 Destroy Structure 1139 | . 53 1 . 3 32 . . . . 52 . . . . 166 44 4 22 368 70 . . . . 324 Advance Influence 1650 | . . . . . 150 . . . . 150 . . . . 450 . . . . . . . . . 900 Partial Spotted 15 | . . . . . . . . . . . . . . . . . . . . . . . . . 15 Lose Combat Pursuer 495 | . 60 . 150 . 15 . . . . 30 . . . . . 105 . . 30 15 15 . 75 . . Influence Decreases 7750 | . 461 124 200 225 488 207 6 . 100 677 439 20 . 10 650 898 189 167 239 658 380 340 204 230 838 Time Decay 6468 | . 451 124 200 225 478 207 6 . 80 572 392 20 . 10 580 618 89 167 229 538 380 320 134 220 428 Search Patrol Dispatched 300 | . . . . . . . . . . . . . . . . . . . . . . . . . 300 Lost Part 612 | . 10 . . . 10 . . . . 65 47 . . . 60 100 40 . 10 100 . 20 70 10 70 Lost Ally 370 | . . . . . . . . . 20 40 . . . . 10 180 60 . . 20 . . . . 40 Squads Dispatched 48 | . 5 . . . 9 . . . . 8 . . . . 5 1 . . 2 9 . . . . 9 Investigation 9 | . 3 . . . 2 . . . . 2 . . . . . . . . . 1 . . . . 1 Extermination 20 | . . . . . 3 . . . . 3 . . . . 4 . . . 2 5 . . . . 3 Reinforcement 12 | . 2 . . . 4 . . . . 3 . . . . . 1 . . . 2 . . . . . Assault 6 | . . . . . . . . . . . . . . . 1 . . . . 1 . . . . 4 Garrison 1 | . . . . . . . . . . . . . . . . . . . . . . . . . 1 Intercept . | . . . . . . . . . . . . . . . . . . . . . . . . . . Searches Triggered 2 | . . . . . . . . . . . . . . . . . . . . . . . . . 2 Data Miner Redirects 1 | . . . . . . . . . . . . . . . 1 . . . . . . . . . . Construction Impeded 1 | . . . . . . . . . . 1 . . . . . . . . . . . . . . . Haulers Reinforced 4 | . . . . . 1 . . . . 2 . . . . . . . . . 1 . . . . . Active Scanning Responses . | . . . . . . . . . . . . . . . . . . . . . . . . . . Cargo Convoy Interrupts 1 | . . . . . . . . . . . . . . . 1 . . . . . . . . . . Stealth | -11 -10 -10 -10 -9 -7 -7 -7 -7 -6 -6 -6 -6 -6 -5 -5 -5 -5 -5 -5 -4 -4 -4 -4 -3 -3 --------- Run | Yrd Mat Min Sub Rec Fac Low Low Zio Pro Fac Low Low Dat Pro Fac Ext Cet Arc Hub Fac Upp Upp War Pro Res Distress Signals 28 | . 3 . . . 3 . . . . 6 . . . . 1 2 1 . 3 6 . . . . 3 Communications Jammed 71 | . . . . . . . . . . . . . . . . 8 . . 36 25 . . . . 2 Distress Signals 71 | . . . . . . . . . . . . . . . . 8 . . 36 25 . . . . 2 Times Spotted 424 | . 23 2 11 3 28 6 13 . 6 40 7 1 . 3 21 35 5 15 18 41 2 7 75 16 46 Peak Tracking Total 17 | . 5 1 6 1 5 4 5 . 3 6 3 1 . 1 5 5 5 1 4 7 3 4 17 6 13 Tactical Retreats 23 | . 2 . 3 . 1 . 2 . . 2 . . . . . 6 . . 2 1 1 . 3 . . Traps | -11 -10 -10 -10 -9 -7 -7 -7 -7 -6 -6 -6 -6 -6 -5 -5 -5 -5 -5 -5 -4 -4 -4 -4 -3 -3 ------- Run | Yrd Mat Min Sub Rec Fac Low Low Zio Pro Fac Low Low Dat Pro Fac Ext Cet Arc Hub Fac Upp Upp War Pro Res Traps Triggered 7 | . 1 . . . . . . . . 1 . . . . 2 . . . 3 . . . . . . Indirectly . | . . . . . . . . . . . . . . . . . . . . . . . . . . Trap Hack Attempts . | . . . . . . . . . . . . . . . . . . . . . . . . . . Triggered . | . . . . . . . . . . . . . . . . . . . . . . . . . . Disarmed . | . . . . . . . . . . . . . . . . . . . . . . . . . . Reprogrammed . | . . . . . . . . . . . . . . . . . . . . . . . . . . Reused . | . . . . . . . . . . . . . . . . . . . . . . . . . . Traps Extracted . | . . . . . . . . . . . . . . . . . . . . . . . . . . Installed . | . . . . . . . . . . . . . . . . . . . . . . . . . . Triggered . | . . . . . . . . . . . . . . . . . . . . . . . . . . Machines | -11 -10 -10 -10 -9 -7 -7 -7 -7 -6 -6 -6 -6 -6 -5 -5 -5 -5 -5 -5 -4 -4 -4 -4 -3 -3 ---------- Run | Yrd Mat Min Sub Rec Fac Low Low Zio Pro Fac Low Low Dat Pro Fac Ext Cet Arc Hub Fac Upp Upp War Pro Res Machines Disabled 44 | . 2 . 4 . 1 . . . . 9 . . . . 5 2 . 2 10 3 . 1 . . 5 Max in Single Turn 9 | . 1 . 2 . 1 . . . . 1 . . . . 2 1 . 1 9 2 . 1 . . 1 Garrison Access 3 | . . . . . 1 . . . . 2 . . . . . . . . . . . . . . . Network Hub 1 | . . . . . . . . . . . . . . . . . . . 1 . . . . . . Energy Cycler 1 | . . . . . . . . . . . . . . . . 1 . . . . . . . . . Machines Repaired . | . . . . . . . . . . . . . . . . . . . . . . . . . . Machines Dismantled . | . . . . . . . . . . . . . . . . . . . . . . . . . . Machines Sabotaged . | . . . . . . . . . . . . . . . . . . . . . . . . . . Overloaded Fab Kills . | . . . . . . . . . . . . . . . . . . . . . . . . . . Hacking | -11 -10 -10 -10 -9 -7 -7 -7 -7 -6 -6 -6 -6 -6 -5 -5 -5 -5 -5 -5 -4 -4 -4 -4 -3 -3 --------- Run | Yrd Mat Min Sub Rec Fac Low Low Zio Pro Fac Low Low Dat Pro Fac Ext Cet Arc Hub Fac Upp Upp War Pro Res Machines Accessed 53 | . 6 . 2 13 12 2 2 . . 5 1 1 4 . . . . . . 2 . 2 . . 1 Terminals 21 | . 4 . . 6 9 1 1 . . . . . . . . . . . . . . . . . . Fabricators 5 | . . . . . 2 . . . . 2 . . . . . . . . . 1 . . . . . Repair Stations 3 | . . . . . . . . . . 1 . . . . . . . . . 1 . . . . 1 Recycling Units 9 | . 2 . . 7 . . . . . . . . . . . . . . . . . . . . . Scanalyzers . | . . . . . . . . . . . . . . . . . . . . . . . . . . Garrison Access 3 | . . . . . 1 . . . . 2 . . . . . . . . . . . . . . . Total Hacks 161 | . 16 . 3 34 26 7 3 . . 13 1 1 30 . . . . . . 12 . 7 . . 8 Successful 106 | . 7 . 3 19 7 7 3 . . 7 1 1 30 . . . . . . 10 . 7 . . 4 Failed 54 | . 9 . . 14 19 . . . . 6 . . . . . . . . . 2 . . . . 4 Catastrophic 8 | . 3 . . . 5 . . . . . . . . . . . . . . . . . . . . Database Lockouts 1 | . . . . 1 . . . . . . . . . . . . . . . . . . . . . Manual 168 | . 15 . . 32 19 . . . . 20 . . . . 13 18 . . 30 17 . . 1 . 3 Terminals 60 | . 12 . . 25 20 1 2 . . . . . . . . . . . . . . . . . . Fabricators 14 | . . . . . 5 . . . . 6 . . . . . . . . . 3 . . . . . Repair Stations 19 | . . . . . . . . . . 2 . . . . . . . . . 9 . . . . 8 Recycling Units 13 | . 4 . . 9 . . . . . . . . . . . . . . . . . . . . . Scanalyzers . | . . . . . . . . . . . . . . . . . . . . . . . . . . Garrison Access 6 | . . . . . 1 . . . . 5 . . . . . . . . . . . . . . . Terminal Hacks 55 | . . . 3 1 2 7 3 . . . 1 1 30 . . . . . . . . 7 . . . Record 27 | . . . 1 . . 7 2 . . . . . 11 . . . . . . . . 6 . . . Part Schematic 12 | . . . . . . . . . . . . . 12 . . . . . . . . . . . . Robot Schematic 4 | . . . . . . . . . . . . . 4 . . . . . . . . . . . . Robot Analysis 1 | . . . . 1 . . . . . . . . . . . . . . . . . . . . . Prototype ID Bank 3 | . . . . . . . . . . . . . 3 . . . . . . . . . . . . Open Door 5 | . . . 1 . . . 1 . . . 1 1 . . . . . . . . . 1 . . . Branch Access Points 1 | . . . . . 1 . . . . . . . . . . . . . . . . . . . . Terminal Index 1 | . . . . . 1 . . . . . . . . . . . . . . . . . . . . Release Object 1 | . . . 1 . . . . . . . . . . . . . . . . . . . . . . Fabricator Hacks 6 | . . . . . 1 . . . . 3 . . . . . . . . . 2 . . . . . Network Status 1 | . . . . . 1 . . . . . . . . . . . . . . . . . . . . Load Schematic 3 | . . . . . . . . . . 2 . . . . . . . . . 1 . . . . . Build 2 | . . . . . . . . . . 1 . . . . . . . . . 1 . . . . . Repair Station Hacks 14 | . . . . . . . . . . 2 . . . . . . . . . 8 . . . . 4 Scan Component 7 | . . . . . . . . . . 1 . . . . . . . . . 4 . . . . 2 Repair 7 | . . . . . . . . . . 1 . . . . . . . . . 4 . . . . 2 Recycling Unit Hacks . | . . . . . . . . . . . . . . . . . . . . . . . . . . Scanalyzer . | . . . . . . . . . . . . . . . . . . . . . . . . . . Garrison Access Hacks 3 | . . . . . 1 . . . . 2 . . . . . . . . . . . . . . . Seal Access 3 | . . . . . 1 . . . . 2 . . . . . . . . . . . . . . . Unauthorized Hacks 28 | . 7 . . 18 3 . . . . . . . . . . . . . . . . . . . . Terminals 16 | . 5 . . 9 2 . . . . . . . . . . . . . . . . . . . . Botnet 8 | . 2 . . 4 2 . . . . . . . . . . . . . . . . . . . . Skim 8 | . 3 . . 5 . . . . . . . . . . . . . . . . . . . . . Fabricators 1 | . . . . . 1 . . . . . . . . . . . . . . . . . . . . Haulers 1 | . . . . . 1 . . . . . . . . . . . . . . . . . . . . Repair Stations . | . . . . . . . . . . . . . . . . . . . . . . . . . . Recycling Units 11 | . 2 . . 9 . . . . . . . . . . . . . . . . . . . . . Reject 4 | . . . . 4 . . . . . . . . . . . . . . . . . . . . . Recyclers 1 | . . . . 1 . . . . . . . . . . . . . . . . . . . . . Mask 1 | . . . . 1 . . . . . . . . . . . . . . . . . . . . . Tunnel 5 | . 2 . . 3 . . . . . . . . . . . . . . . . . . . . . Scanalyzers . | . . . . . . . . . . . . . . . . . . . . . . . . . . Garrison Access . | . . . . . . . . . . . . . . . . . . . . . . . . . . Data Cores Recovered . | . . . . . . . . . . . . . . . . . . . . . . . . . . Used . | . . . . . . . . . . . . . . . . . . . . . . . . . . Hacking Detections 31 | . 6 . . 8 11 . . . . 3 . . . . . . . . . 2 . . . . 1 Full Trace Events 4 | . . . . . 2 . . . . 2 . . . . . . . . . . . . . . . Feedback Events . | . . . . . . . . . . . . . . . . . . . . . . . . . . Feedback Blocked . | . . . . . . . . . . . . . . . . . . . . . . . . . . Robot Schematics Acquired 20 | . . . . . . . . 3 . . . . 4 . 5 5 . . 3 . . . . . . Robots Built . | . . . . . . . . . . . . . . . . . . . . . . . . . . Authchips . | . . . . . . . . . . . . . . . . . . . . . . . . . . Time . | . . . . . . . . . . . . . . . . . . . . . . . . . . Total Robot Build Rating . | . . . . . . . . . . . . . . . . . . . . . . . . . . Part Schematics Acquired 74 | . . . . . . . . 15 . . . . 12 . 9 2 . . 11 25 . . . . . Parts Built 3 | . . . . . . . . . . 2 . . . . . . . . . 1 . . . . . Authchips 1 | . . . . . . . . . . . . . . . . . . . . 1 . . . . . Time 226 | . . . . . . . . . . 106 . . . . . . . . . 120 . . . . . Total Part Build Rating 22 | . . . . . . . . . . 12 . . . . . . . . . 10 . . . . . Parts Repaired 7 | . . . . . . . . . . 1 . . . . . . . . . 4 . . . . 2 Time 432 | . . . . . . . . . . 38 . . . . . . . . . 218 . . . . 176 Parts Recycled . | . . . . . . . . . . . . . . . . . . . . . . . . . . Recycled Matter . | . . . . . . . . . . . . . . . . . . . . . . . . . . Retrieved Matter . | . . . . . . . . . . . . . . . . . . . . . . . . . . Retrieved Components . | . . . . . . . . . . . . . . . . . . . . . . . . . . Parts Scanalyzed . | . . . . . . . . . . . . . . . . . . . . . . . . . . Part Schematics Acquired . | . . . . . . . . . . . . . . . . . . . . . . . . . . Parts Damaged . | . . . . . . . . . . . . . . . . . . . . . . . . . . Bothacking | -11 -10 -10 -10 -9 -7 -7 -7 -7 -6 -6 -6 -6 -6 -5 -5 -5 -5 -5 -5 -4 -4 -4 -4 -3 -3 ------------ Run | Yrd Mat Min Sub Rec Fac Low Low Zio Pro Fac Low Low Dat Pro Fac Ext Cet Arc Hub Fac Upp Upp War Pro Res Used RIF Installer . | . . . . . . . . . . . . . . . . . . . . . . . . . . Robots Hacked . | . . . . . . . . . . . . . . . . . . . . . . . . . . Non-combat . | . . . . . . . . . . . . . . . . . . . . . . . . . . Combat . | . . . . . . . . . . . . . . . . . . . . . . . . . . Robot Hacks Applied . | . . . . . . . . . . . . . . . . . . . . . . . . . . Relay Couplers Released 4 | . . . . . . . . . . 4 . . . . . . . . . . . . . . . Programmers 4 | . . . . . . . . . . 4 . . . . . . . . . . . . . . . Fabnet Peak Effective % . | . . . . . . . . . . . . . . . . . . . . . . . . . . Robots Rewired 16 | . . . . 6 . . . . . . . . . . . 10 . . . . . . . . . Allies Hacked . | . . . . . . . . . . . . . . . . . . . . . . . . . . Hacks Repelled . | . . . . . . . . . . . . . . . . . . . . . . . . . . Allies | -11 -10 -10 -10 -9 -7 -7 -7 -7 -6 -6 -6 -6 -6 -5 -5 -5 -5 -5 -5 -4 -4 -4 -4 -3 -3 -------- Run | Yrd Mat Min Sub Rec Fac Low Low Zio Pro Fac Low Low Dat Pro Fac Ext Cet Arc Hub Fac Upp Upp War Pro Res Total Allies 28 | . . . . 6 . . . 4 . . . . . . 2 13 . . . 2 . . . . 1 Largest Group 6 | . . . . 6 5 . . 4 4 2 . . . . 2 5 3 . . 1 . . . . 1 Highest-Rated Group 170 | . . . . 97 79 . . 155 155 78 . . . . 170 141 79 . . 30 . . . . 29 Highest-Rated Ally 85 | . . . . 27 27 . . 39 39 39 . . . . 85 39 39 . . 30 . . . . 29 Zionite Dispatches 7 | . . . . . . . . . . 2 . . . . 1 . . . . 3 . . . . 1 Heavy 1 | . . . . . . . . . . . . . . . 1 . . . . . . . . . . Recon 3 | . . . . . . . . . . 2 . . . . . . . . . 1 . . . . . Offense Resupply 1 | . . . . . . . . . . . . . . . . . . . . . . . . . 1 Defense Resupply 1 | . . . . . . . . . . . . . . . . . . . . 1 . . . . . Infowar Resupply 1 | . . . . . . . . . . . . . . . . . . . . 1 . . . . . Total Orders 43 | . . . . . . . . . . 10 . . . . 3 . . . 2 10 . 1 4 . 13 STAY 1 | . . . . . . . . . . . . . . . . . . . . . . . . . 1 FOLLOW 1 | . . . . . . . . . . . . . . . . . . . . . . . . . 1 DROP 1 | . . . . . . . . . . . . . . . . . . . . 1 . . . . . EXPLORE 25 | . . . . . . . . . . 7 . . . . 1 . . . . 7 . 1 3 . 6 RETURN 15 | . . . . . . . . . . 3 . . . . 2 . . . 2 2 . . 1 . 5 Ally Attacks 151 | . . . . 6 2 . . . 18 6 . . . . 1 116 2 . . . . . . . . Total Damage 3046 | . . . . 103 56 . . . 502 270 . . . . 103 1997 15 . . . . . . . . Kills 23 | . . . . 2 . . . . 5 2 . . . . . 14 . . . . . . . . . Allies Corrupted . | . . . . . . . . . . . . . . . . . . . . . . . . . . Allies Melted 4 | . . . . . . . . . . . . . . . 1 1 . . . . . . 2 . . Intel | -11 -10 -10 -10 -9 -7 -7 -7 -7 -6 -6 -6 -6 -6 -5 -5 -5 -5 -5 -5 -4 -4 -4 -4 -3 -3 ------- Run | Yrd Mat Min Sub Rec Fac Low Low Zio Pro Fac Low Low Dat Pro Fac Ext Cet Arc Hub Fac Upp Upp War Pro Res Active Infowar (turns) 22598 | . . . . . 2010 1485 873 1419 423 2189 980 736 196 949 1569 2060 254 691 1049 1317 821 1153 1661 . 763 Sensors 12065 | . . . . . . . . . . 752 980 736 196 949 1569 1185 89 238 838 898 821 1153 1661 . . Seismic 7647 | . . . . . 2010 1485 873 1419 423 1437 . . . . . . . . . . . . . . . Jamming 5963 | . . . . . . . . . . . . . . . 188 2060 254 691 1037 970 . . . . 763 Robot Analysis Total 1 | . . . . 1 . . . . . . . . . . . . . . . . . . . . . Derelict Logs Recovered 9 | . . 2 1 . . 1 1 . . . 1 1 . . . . . . . . 2 . . . . Drone Launches 37 | . . . . . . . . . . 9 . . . . 3 . . . 2 10 . 1 3 . 9 Drone Recoveries 29 | . . . . . . . . . . 6 . . . . 2 . . . 2 9 . 1 3 . 6 Zionite Intel Received 19 | . . . . . . . . . . 2 . . . . 2 5 . . 8 2 . . . . . Main Access 1 | . . . . . . . . . . . . . . . . 1 . . . . . . . . . Emergency Access 1 | . . . . . . . . . . . . . . . 1 . . . . . . . . . . Guard Positions 1 | . . . . . . . . . . 1 . . . . . . . . . . . . . . . Prototype Stockpiles 1 | . . . . . . . . . . . . . . . . 1 . . . . . . . . . Component Schematics 1 | . . . . . . . . . . . . . . . . . . . . 1 . . . . . Prototype Schematics 2 | . . . . . . . . . . . . . . . . . . . 1 1 . . . . . Unaware Schematics 3 | . . . . . . . . . . . . . . . 1 1 . . 1 . . . . . . Unaware Analyses 2 | . . . . . . . . . . . . . . . . . . . 2 . . . . . . Trap Installations 2 | . . . . . . . . . . . . . . . . 1 . . 1 . . . . . . Active Terminals 2 | . . . . . . . . . . . . . . . . 1 . . 1 . . . . . . Active Garrisons 1 | . . . . . . . . . . . . . . . . . . . 1 . . . . . . Depthwide Sectors/-1 2 | . . . . . . . . . . 1 . . . . . . . . 1 . . . . . . Exploration | -11 -10 -10 -10 -9 -7 -7 -7 -7 -6 -6 -6 -6 -6 -5 -5 -5 -5 -5 -5 -4 -4 -4 -4 -3 -3 ------------- Run | Yrd Mat Min Sub Rec Fac Low Low Zio Pro Fac Low Low Dat Pro Fac Ext Cet Arc Hub Fac Upp Upp War Pro Res Turns Passed 34088 | 54 1968 1957 1943 2159 2520 1518 979 1420 433 3162 1195 736 196 949 1782 2060 254 691 1049 1539 888 1224 1820 543 1049 Spaces Moved 13333 | 38 691 592 975 652 1117 773 494 875 233 1418 558 309 82 366 600 707 87 104 371 419 347 448 634 201 242 Core 18 | 18 . . . . . . . . . . . . . . . . . . . . . . . . . Treads 6765 | 20 691 592 226 652 275 . . . . 3 136 309 82 366 239 568 87 104 371 172 347 448 634 201 242 Legs . | . . . . . . . . . . . . . . . . . . . . . . . . . . Wheels 6550 | . . . 749 . 842 773 494 875 233 1415 422 . . . 361 139 . . . 247 . . . . . Hover . | . . . . . . . . . . . . . . . . . . . . . . . . . . Flight . | . . . . . . . . . . . . . . . . . . . . . . . . . . Fastest Speed 50 | 50 160 320 150 320 160 160 145 160 160 145 160 235 235 235 145 160 160 160 160 175 240 240 165 165 240 Average Speed 208 | 107 239 320 189 320 179 160 159 160 160 159 178 235 235 235 231 224 182 219 185 201 240 240 240 244 244 Slowest Speed 340 | 160 320 320 340 320 240 160 160 160 160 325 235 235 235 235 290 240 240 240 240 240 320 240 320 245 245 Overloaded Moves . | . . . . . . . . . . . . . . . . . . . . . . . . . . Propulsion Burnouts . | . . . . . . . . . . . . . . . . . . . . . . . . . . Robots Hopped . | . . . . . . . . . . . . . . . . . . . . . . . . . . Cave-ins Triggered 1 | . . . . . . . . . . . . . . . 1 . . . . . . . . . . Exploration Rate (%) 58 | 4 95 98 59 96 35 81 60 89 45 58 65 50 70 63 18 86 48 76 59 15 57 57 75 44 17 Regions Visited 25 Branch Regions 19 Pre-discovered Areas 25 | . 2 1 2 3 . 1 . 2 . 8 . . 1 . . . . . 5 . . . . . . Known Exits Taken 17 | . . . . . 1 1 . . . 1 1 1 1 1 1 1 1 1 1 1 1 1 1 1 . Unknown Exits Taken 8 | 1 1 1 1 1 . . 1 1 1 . . . . . . . . . . . . . . . . Scrap Searched 31 | . . 1 8 . . 4 2 4 . . 3 1 . 2 . . . . . . 1 4 . 1 . Spaces Dug 181 | . 21 . 5 . 8 11 12 . 3 7 5 1 . 6 8 . . 1 24 8 1 34 2 . 24 Terrain Destroyed 1310 | . 50 . 19 3 36 13 93 . 4 40 18 1 . 24 93 11 1 11 225 37 5 143 180 116 187 Melee 2 | . 2 . . . . . . . . . . . . . . . . . . . . . . . . Projectile 742 | . . . 1 3 36 13 19 . 4 40 18 1 . 24 30 11 1 11 50 37 5 94 41 116 187 AOE 566 | . 48 . 18 . . . 74 . . . . . . . 63 . . . 175 . . 49 139 . . Terrain Rammed . | . . . . . . . . . . . . . . . . . . . . . . . . . . Walls Destroyed . | . . . . . . . . . . . . . . . . . . . . . . . . . . Machines Disabled . | . . . . . . . . . . . . . . . . . . . . . . . . . . Actions | -11 -10 -10 -10 -9 -7 -7 -7 -7 -6 -6 -6 -6 -6 -5 -5 -5 -5 -5 -5 -4 -4 -4 -4 -3 -3 --------- Run | Yrd Mat Min Sub Rec Fac Low Low Zio Pro Fac Low Low Dat Pro Fac Ext Cet Arc Hub Fac Upp Upp War Pro Res Total 18114 | 47 892 646 1054 710 1493 1013 634 896 282 2073 666 317 86 416 851 1082 152 516 642 930 391 581 856 237 651 Wait 2804 | . 95 38 16 16 182 208 84 12 40 411 35 5 1 28 99 191 31 344 150 293 30 99 101 13 282 Move 13307 | 37 690 591 974 651 1116 772 493 874 232 1417 557 308 81 365 598 706 86 103 370 418 346 447 633 200 242 Hop . | . . . . . . . . . . . . . . . . . . . . . . . . . . Pick Up 194 | 2 25 5 7 9 33 . 1 2 . 22 5 1 . 1 16 11 2 6 4 22 . 1 9 2 8 Fast Attach 91 | 6 2 . 1 . 3 . . . . 14 1 . 2 . 7 4 4 7 10 10 3 2 10 . 5 Attach 95 | . 1 . 3 1 8 . . . . 10 5 . . 1 11 10 3 1 . 17 . 4 5 5 10 Detach 8 | . . . . . . . . . . . . . . . . . . . . . . 3 . . 5 Swap 218 | 1 16 1 9 . 31 2 11 4 2 21 10 . . . 22 5 1 4 14 29 2 10 14 1 8 Drop 188 | . 3 5 25 2 33 . 2 4 . 31 2 1 2 1 10 6 3 12 10 12 3 2 17 . 2 Fire 1059 | . 53 5 19 15 84 31 40 . 8 139 37 2 . 20 86 60 22 39 82 125 7 13 67 16 89 Melee 19 | . 3 . . . . . . . . . 14 . . . 1 . . . . 1 . . . . . Ram 1 | . . . . . 1 . . . . . . . . . . . . . . . . . . . . Kick . | . . . . . . . . . . . . . . . . . . . . . . . . . . Crush 19 | 1 4 1 . 1 2 . . . . 2 . . . . . 3 . . 2 3 . . . . . Escape Stasis 7 | . . . . . . . . . . 6 . . . . 1 . . . . . . . . . . Rewire 104 | . . . . 15 . . 3 . . . . . . . . 86 . . . . . . . . . Trap . | . . . . . . . . . . . . . . . . . . . . . . . . . . Miscellaneous . | . . . . . . . . . . . . . . . . . . . . . . . . . . Route ------- -11/Scrapyard -10/Materials (discovered 5 exits: [*Mat x3] / [*Min x2]) -10/Mines (discovered 3 exits: [*Mat x2] / *Sub) -10/Subcaves -9/Recycling (discovered 2 exits: *Fac / Scr) -7/Factory (discovered 3 exits: *Fac / *Low x2) -7/Lower Caves -7/Lower Caves -7/Zion -6/Proximity Caves -6/Factory (discovered 2 exits: *Fac / *Low) -6/Lower Caves -6/Lower Caves -6/Data Miner -5/Proximity Caves -5/Factory -5/Extension (discovered 3 exits: *Fac x2 / *Cet) -5/Cetus -5/Archives (discovered 2 exits: *Fac / *Hub) -5/Hub_04(d) -4/Factory (discovered 6 exits: *Res x4 / *Upp x2) -4/Upper Caves -4/Upper Caves (discovered 2 exits: *Res / *War) -4/Warlord -3/Proximity Caves -3/Research History --------- Turn | Location | Event 32 | -11/Scrapyard | Discovered new exit (range 15) 55 | -11/Scrapyard | Entered Materials 338 | -10/Materials | Build established: Mutant 492 | -10/Materials | Discovered new exit (range 12) 587 | -10/Materials | Discovered new exit (range 16) 770 | -10/Materials | Discovered new exit (range 6) 1214 | -10/Materials | Discovered new exit (range 14) 1704 | -10/Materials | Discovered new exit (range 9) 2023 | -10/Materials | Entered Mines 2095 | -10/Mines | Met a Derelict bent on vengeance 2120 | -10/Mines | Learned Materials emergency access door positions 2405 | -10/Mines | Deemed a non-threat by the Exiles lab entrance 3030 | -10/Mines | Discovered new exit (range 9) 3075 | -10/Mines | Joined a pair of Derelicts in attacking an 0b10 outpost 3099 | -10/Mines | Learned 2 Materials zone layouts 3258 | -10/Mines | Learned location of Storage (-9) 3548 | -10/Mines | Discovered new exit (range 15) 3602 | -10/Mines | A weapon hastily lodged in a ceiling crevice suddenly fell to the ground 3730 | -10/Mines | Discovered new exit (range 5) 3980 | -10/Mines | Entered Subcaves 4130 | -10/Subcaves | A swath of the cavern ceiling suddenly collapsed 4307 | -10/Subcaves | Disturbed a concealed Subdweller 4319 | -10/Subcaves | Core integrity fell below 50% 4536 | -10/Subcaves | Learned location of Zion (-7) 4536 | -10/Subcaves | Met a Zionite searching for "candidates" 4985 | -10/Subcaves | Discovered new exit (range 16) 5574 | -10/Subcaves | Found SUBCON Basin 5923 | -10/Subcaves | Entered Recycling 6220 | -9/Recycling | Discovered new exit (range 13) 6725 | -9/Recycling | Learned Storage stockpile data 6854 | -9/Recycling | Identified exit to Scraptown 6905 | -9/Recycling | Learned Materials security intel 6979 | -9/Recycling | Learned Materials terminal intel 7002 | -9/Recycling | Learned 2 Storage zone layouts 7034 | -9/Recycling | Learned Storage terminal intel 7074 | -9/Recycling | Learned Storage trap positions 7126 | -9/Recycling | Learned 2 Materials zone layouts 7189 | -9/Recycling | Learned 2 Storage zone layouts 7254 | -9/Recycling | Scanned before Scraplab entrance 7298 | -9/Recycling | Entered Scraplab 7914 | -9/Recycling | Build established: Commander-Mutant 8082 | -9/Recycling | Entered Factory 8082 | -7/Factory | Accompanied by 5 allies 8082 | -7/Factory | Evolved 6 slots: Propulsion x2, Utility x4 8648 | -7/Factory | Lost 4 allies 8883 | -7/Factory | Build established: Mutant 9943 | -7/Factory | Discovered new exit (range 12) 10349 | -7/Factory | Identified exit to Lower Caves 10492 | -7/Factory | Discovered new exit (range 8) 10602 | -7/Factory | Entered Lower Caves 10611 | -7/Lower Caves | Encountered a Warlord checkpoint 11176 | -7/Lower Caves | Learned location of Extension (-5) 11176 | -7/Lower Caves | Learned Research emergency access door positions 11176 | -7/Lower Caves | Learned Armory emergency access door positions 11176 | -7/Lower Caves | Learned Research security intel 11264 | -7/Lower Caves | Attracted the attention of an 0b10 checkpoint 11524 | -7/Lower Caves | Identified exit to Lower Caves 12120 | -7/Lower Caves | Entered another Lower Caves area 12165 | -7/Lower Caves | Ambushed by wild Derelicts 12717 | -7/Lower Caves | Encountered an infested base 13047 | -7/Lower Caves | Learned 8 Factory zone layouts 13076 | -7/Lower Caves | Discovered new exit (range 15) 13099 | -7/Lower Caves | Entered Zion 13331 | -7/Zion | Discovered new exit (range 12) 13338 | -7/Zion | Given the Hacking Drone Bay 13341 | -7/Zion | Found Prototype Device 13833 | -7/Zion | Found CR-A16's Pointy Stick 14045 | -7/Zion | Learned location of Warlord (-4) 14170 | -7/Zion | Met Imprinter 14196 | -7/Zion | Imprinted 14199 | -7/Zion | Declared Zion's savior 14519 | -7/Zion | Entered Proximity Caves 14519 | -6/Proximity Caves | Accompanied by 4 allies 14731 | -6/Proximity Caves | Spotter reported a threat 14912 | -6/Proximity Caves | Discovered new exit (range 15) 14952 | -6/Proximity Caves | Entered Factory 14952 | -6/Factory | Accompanied by 2 allies 14952 | -6/Factory | Evolved 2 slots: Power x1, Utility x1 15029 | -6/Factory | Repaired Arm. Treads 15053 | -6/Factory | Zion Recon squad teleported in 15226 | -6/Factory | Discovered new exit (range 19) 15260 | -6/Factory | Retrieved Zion intel report: Depthwide Sectors/-5 15791 | -6/Factory | Identified Hacking Drone Bay 15938 | -6/Factory | Retrieved Zion intel report: Guard Positions 15939 | -6/Factory | Zion Recon squad teleported in 16185 | -6/Factory | Terminal network hard line cut 16466 | -6/Factory | Fabricated Hyp. Gauss Cannon? 16685 | -6/Factory | Lost 5 parts (1p2n2u) 17416 | -6/Factory | Identified exit to Factory 18001 | -6/Factory | Discovered new exit (range 5) 18006 | -6/Factory | Identified exit to Lower Caves 18114 | -6/Factory | Entered Lower Caves 18314 | -6/Lower Caves | Learned Factory terminal intel 18869 | -6/Lower Caves | Spotted B-75 Beast 18951 | -6/Lower Caves | Revealed the true nature of CR-A16's Pointy Stick 18959 | -6/Lower Caves | Destroyed B-75 Beast 18965 | -6/Lower Caves | Lost 4 parts (1p2n1u) 19119 | -6/Lower Caves | Discovered new exit (range 10) 19273 | -6/Lower Caves | Build established: Scavenger-Mutant 19304 | -6/Lower Caves | Identified exit to Lower Caves 19309 | -6/Lower Caves | Entered another Lower Caves area 19825 | -6/Lower Caves | Discovered new exit (range 5) 20040 | -6/Lower Caves | Identified exit to Data Miner 20045 | -6/Lower Caves | Entered Data Miner 20045 | -6/Data Miner | Discovered new exit (range 6) 20055 | -6/Data Miner | Identified exit to Proximity Caves 20091 | -6/Data Miner | Met Data Miner 20137 | -6/Data Miner | Learned location of Section 7 (-2) 20137 | -6/Data Miner | Acquired the access code to Warlord's prototype stash 20170 | -6/Data Miner | Received God Mode back door access code from Data Miner 20241 | -6/Data Miner | Entered Proximity Caves 20384 | -5/Proximity Caves | Spotter reported a threat 20410 | -5/Proximity Caves | Spotted B-75 Beast 20494 | -5/Proximity Caves | Spotter reported a threat 20541 | -5/Proximity Caves | Spotter reported a threat 21150 | -5/Proximity Caves | Discovered exit to Factory (range 12) 21190 | -5/Proximity Caves | Entered Factory 21190 | -5/Factory | Evolved 2 slots: Utility x2 21191 | -5/Factory | Loaded intel: 28 terminal locations 21374 | -5/Factory | Zion Heavy squad teleported in 21397 | -5/Factory | Noticed a derelict Sapper rigging charges 21429 | -5/Factory | Found Prototype Protection 21440 | -5/Factory | Zion dispatch access revoked 21535 | -5/Factory | Tech Extrapolator generated special schematic: Deep Structural Scanner 21588 | -5/Factory | Retrieved Zion intel report: Unaware Schematics 21675 | -5/Factory | Tech Extrapolator generated special schematic: Hyp. Alpha Cannon 21736 | -5/Factory | Retrieved Zion intel report: Emergency Access 22095 | -5/Factory | System corruption reached 10% 22390 | -5/Factory | Terminal network hard line cut 22404 | -5/Factory | Cargo convoy interrupted 22435 | -5/Factory | Crushed by falling debris 22435 | -5/Factory | Discovered new exit (range 10) 22644 | -5/Factory | Lost 4 parts (1p2n1u) 22690 | -5/Factory | First assault squad dispatched 22720 | -5/Factory | Incoming assault squad redirected 22970 | -5/Factory | Identified exit to Extension 22972 | -5/Factory | Entered Extension 23047 | -5/Extension | Rescued a captive Derelict 23059 | -5/Extension | Energy Cycler disabled 23059 | -5/Extension | Rescued a captive Derelict 23060 | -5/Extension | Rescued a captive Derelict 23062 | -5/Extension | Rescued a captive Derelict 23100 | -5/Extension | Rescued a captive Derelict 23102 | -5/Extension | Lost 5 parts (1p2n2u) 23201 | -5/Extension | Retrieved Zion intel report: Prototype Stockpiles 23204 | -5/Extension | Retrieved Zion intel report: Unaware Schematics 23209 | -5/Extension | Retrieved Zion intel report: Main Access 23209 | -5/Extension | Identified exit to Factory 23295 | -5/Extension | Retrieved Zion intel report: Trap Installations 23353 | -5/Extension | Lost 3 parts (1n2u) 23481 | -5/Extension | Retrieved Zion intel report: Active Terminals 24198 | -5/Extension | Spotted B-75 Beast 24200 | -5/Extension | Terminal network hard line cut 24229 | -5/Extension | Allies destroyed B-75 Beast 24357 | -5/Extension | Extracted ID and sensor layout for unrecognized location from A7's data core 24743 | -5/Extension | Lost 4 allies 25015 | -5/Extension | Discovered new exit (range 6) 25028 | -5/Extension | Identified exit to Cetus 25032 | -5/Extension | Disrupted transfer network 25032 | -5/Extension | Entered Cetus 25032 | -5/Cetus | Accompanied by 3 allies 25078 | -5/Cetus | Spotted Cetus Guard 25078 | -5/Cetus | Spotted Cetus Guard 25081 | -5/Cetus | Spotted Cetus Guard 25084 | -5/Cetus | Spotted Cetus Guard 25095 | -5/Cetus | Destroyed Cetus Guard 25112 | -5/Cetus | Destroyed Cetus Guard 25121 | -5/Cetus | Lost 3 allies 25135 | -5/Cetus | Destroyed Cetus Guard 25137 | -5/Cetus | Destroyed Cetus Guard 25165 | -5/Cetus | Lost 5 parts (3u2w) 25261 | -5/Cetus | Discovered new exit (range 15) 25285 | -5/Cetus | Identified exit to Archives 25286 | -5/Cetus | Entered Archives 25442 | -5/Archives | Discovered exit to Factory (range 15) 25483 | -5/Archives | Identified Zio. Weapon Casing 25491 | -5/Archives | Discovered new exit (range 15) 25975 | -5/Archives | Identified exit to Hub_04(d) 25977 | -5/Archives | Entered Hub_04(d) 26440 | -5/Hub_04(d) | Retrieved Zion intel report: Active Terminals 26455 | -5/Hub_04(d) | Retrieved Zion intel report: Unaware Analyses 26553 | -5/Hub_04(d) | Retrieved Zion intel report: Active Garrisons 26556 | -5/Hub_04(d) | Retrieved Zion intel report: Unaware Analyses 26586 | -5/Hub_04(d) | Retrieved Zion intel report: Prototype Schematics 26652 | -5/Hub_04(d) | Retrieved Zion intel report: Unaware Schematics 26844 | -5/Hub_04(d) | Retrieved Zion intel report: Depthwide Sectors/-4 26911 | -5/Hub_04(d) | Retrieved Zion intel report: Trap Installations 26913 | -5/Hub_04(d) | Discovered exit to Factory (range 7) 27022 | -5/Hub_04(d) | Network Hub disabled 27026 | -5/Hub_04(d) | Entered Factory 27026 | -4/Factory | Evolved 2 slots: Power x1, Utility x1 27114 | -4/Factory | Repaired Hvy. Treads 27159 | -4/Factory | Repaired Arm. Huge Wheel? 27216 | -4/Factory | Repaired Imp. Cooling System 27291 | -4/Factory | Repaired Quantum Reactor 27340 | -4/Factory | Zion Recon squad teleported in 27518 | -4/Factory | Discovered new exit (range 16) 27531 | -4/Factory | Zion Infowar Resupply teleported in 27540 | -4/Factory | Found Prototype Processor 27540 | -4/Factory | Identified Exp. Terrain Scan Processor 27570 | -4/Factory | Identified exit to Upper Caves 27574 | -4/Factory | Identified exit to Research 27616 | -4/Factory | Retrieved Zion intel report: Prototype Schematics 27687 | -4/Factory | Found Prototype Device 27687 | -4/Factory | Identified Adv. EM Disruption Field 28011 | -4/Factory | Spotted B-86 Titan 28048 | -4/Factory | Destroyed B-86 Titan 28061 | -4/Factory | Lost 5 parts (1n3u1w) 28080 | -4/Factory | Retrieved Zion intel report: Component Schematics 28081 | -4/Factory | Zion Defense Resupply teleported in 28245 | -4/Factory | Terminal network hard line cut 28297 | -4/Factory | Fabricated Hyp. Alpha Cannon? 28335 | -4/Factory | Lost 4 parts (1p2u1w) 28527 | -4/Factory | Found Exp. Terrain Scan Processor 28558 | -4/Factory | First assault squad dispatched 28565 | -4/Factory | Entered Upper Caves 28754 | -4/Upper Caves | Encountered a Warlord checkpoint 28779 | -4/Upper Caves | Found DCF Scrap (13 items) 28831 | -4/Upper Caves | Learned Research non-interactive machine intel 29022 | -4/Upper Caves | Identified exit to Upper Caves 29403 | -4/Upper Caves | Attracted the attention of an 0b10 checkpoint 29453 | -4/Upper Caves | Entered another Upper Caves area 29457 | -4/Upper Caves | Discovered exit to Research (range 8) 30049 | -4/Upper Caves | Attracted the attention of an 0b10 checkpoint 30239 | -4/Upper Caves | Entered an active Warlord outpost 30259 | -4/Upper Caves | Learned Extension trap positions 30259 | -4/Upper Caves | Learned Factory stockpile data 30259 | -4/Upper Caves | Learned Armory terminal intel 30500 | -4/Upper Caves | Discovered new exit (range 19) 30673 | -4/Upper Caves | Identified exit to Warlord 30677 | -4/Upper Caves | Entered Warlord 30760 | -4/Warlord | System corruption cleaned by Quarantine Array 31411 | -4/Warlord | Rebuked by Warlord 31436 | -4/Warlord | Warlord's base attacked by MAIN.C 31517 | -4/Warlord | Opened Warlord's prototype stash 31527 | -4/Warlord | Found Prototype Device 31527 | -4/Warlord | Identified Thermal Barrier 31548 | -4/Warlord | Found Prototype Reactor 31786 | -4/Warlord | Warlord forces counterattacked 31806 | -4/Warlord | Spotted B-90 Cyclops 31809 | -4/Warlord | Destroyed B-90 Cyclops 31826 | -4/Warlord | Spotted Striker 31900 | -4/Warlord | P-70 Sage assimilated allied 0P-Q3M(M) 31903 | -4/Warlord | Spotted Striker 31906 | -4/Warlord | Spotted Executioner 31909 | -4/Warlord | Destroyed Striker 31909 | -4/Warlord | Destroyed Executioner 31936 | -4/Warlord | Destroyed 10 combat bots 31937 | -4/Warlord | Lost 26 allies 32111 | -4/Warlord | Warlord base infiltrated, sounded retreat 32192 | -4/Warlord | Spotted B-90 Cyclops 32203 | -4/Warlord | Destroyed B-90 Cyclops 32205 | -4/Warlord | Spotted Executioner 32206 | -4/Warlord | Spotted Executioner 32207 | -4/Warlord | Destroyed Executioner 32209 | -4/Warlord | Destroyed Executioner 32217 | -4/Warlord | Spotted Striker 32231 | -4/Warlord | Destroyed Striker 32254 | -4/Warlord | Destroyed 8 combat bots 32284 | -4/Warlord | Spotted Executioner 32332 | -4/Warlord | Found Prototype Processor 32341 | -4/Warlord | Spotted Executioner 32345 | -4/Warlord | Spotted Striker 32378 | -4/Warlord | Spotted Executioner 32383 | -4/Warlord | Lost 15 allies 32383 | -4/Warlord | Spotted B-90 Cyclops 32392 | -4/Warlord | Destroyed B-90 Cyclops 32396 | -4/Warlord | Destroyed Executioner 32424 | -4/Warlord | Spotted Executioner 32462 | -4/Warlord | Spotted Striker 32466 | -4/Warlord | Spotted Striker 32470 | -4/Warlord | Spotted Striker 32471 | -4/Warlord | Discovered new exit (range 15) 32495 | -4/Warlord | Identified exit to Proximity Caves 32497 | -4/Warlord | Entered Proximity Caves 32499 | -3/Proximity Caves | Identified Vortex Chain Reactor 32506 | -3/Proximity Caves | Spotter reported a threat 32506 | -3/Proximity Caves | Spotter reported a threat 32511 | -3/Proximity Caves | Attracted the attention of an 0b10 checkpoint 32520 | -3/Proximity Caves | Lost 5 parts (2p2u1w) 32620 | -3/Proximity Caves | Spotter reported a threat 32673 | -3/Proximity Caves | Spotter reported a threat 32704 | -3/Proximity Caves | Spotter reported a threat 32746 | -3/Proximity Caves | Spotter reported a threat 32858 | -3/Proximity Caves | Spotter reported a threat 33011 | -3/Proximity Caves | Discovered exit to Research (range 8) 33040 | -3/Proximity Caves | Entered Research 33040 | -3/Research | Evolved 2 slots: Power x1, Utility x1 33043 | -3/Research | Loaded intel: 58 non-interactive machine locations 33166 | -3/Research | Repaired Arm. Heavy Treads 33277 | -3/Research | Repaired Centrium Heavy Treads 33290 | -3/Research | Search patrols dispatched 33334 | -3/Research | Build established: Generator-Mutant 33466 | -3/Research | Spotted B-86 Titan 33494 | -3/Research | Destroyed B-86 Titan 33540 | -3/Research | Search patrols dispatched 33741 | -3/Research | Found Unknown Device 33741 | -3/Research | Identified Quantum Capacitor 33822 | -3/Research | System corruption reached 10% 33839 | -3/Research | First assault squad dispatched 33848 | -3/Research | Zion Offense Resupply teleported in 34007 | -3/Research | Destroyed 7 combat bots 34067 | -3/Research | Destroyed 9 combat bots 34089 | -3/Research | Self-destructed Last Messages --------------- 34084_ Particle Stream penetrates Wall. 34085_ ZE8BC1N,C 7Z0 LOI=/5DU08WWJL5R3PTNQ 34085_ Activated siege mode. 34085_ Slug penetrates Wall. 34085_ Particle Stream penetrates E-15 Imp. 34085_ Particle Stream penetrates B-74 Champion. 34085_ Damage phase-mirrored to B-74 Champion Hvy. Armor Plating. 34085_ Particle Stream penetrates I-47 Archangel. 34085_ Damage phase-mirrored to I-47 Archangel Com. Wheel. 34085_ Particle Stream penetrates Garrison Access. 34086_ Slug penetrates Wall. 34086_ Penetrated by Slug. 34087_ Lgt. Antimatter Reactor destroyed. 34088_ Slug penetrates Wall. 34088_ Penetrated by Slug. 34089_ Hrd. Medium Armor Plating blown off. 34089_ Adv. Power Amplifier blown off. 34089_ Adv. Force Field blown off. 34089_ E-15 Imp destroyed. 34089_ Adv. Cooling System destroyed. Map ----- +----------------------------------------------------+ | ????????????????????????"""?????"""??????????????? | | ?????????????????????????????????????????????????? | | ??????????????????????????""???""????????????????? | | ??????????????????????????""???""????????????????? | | ??????????????????????????"?????"????????????????? | | ??????????????????????????""""?""????????????????? | | ??????????????????????????"""""""????????????????? | | ?????????????????????????????????????????????????? | | ??????????????????????????????????#??????????????? | | ??????????????????????????????????"??????????????? | | ????????????????????????????????? "??????????????? | | ????????????????????????????????? "??????????????? | | ??????????????????????????????????"#?????????????? | | ??????????????????????????????????" ?????????????? | | ??????????????????????????????????""# ??????????? | | ?????????????????????????????"""?? "#"#######???"" | | ?????????????????????????????"""??""#" #???"" | | ?????????????????????????????"""??#[#"==! # ??"" | | ??????????????????????????????????+% "=!! " ??"" | | ??????????????????????????????????#"#"=!! #????? | | ????????????????????######+##?????# ## ?????? | | ????????????????????# #?????# #"! =? #""??? | | ????????????????????# #######[!!##!"+#"" ?? | | ????????????????????# # !!=%![*!%=! [%%"" | | ????????????????????# ! #==*!=%=%=!*"# !!= ?? | | ???????????????????????# @! # ""%"%=[#### #??"""? | | ???????????????????????#l%b # """/*!=#??# #??"""? | | ????????????????????###; bl # """"%!!#?## ##?"""? | | ????????????????# g g + """"*=####=!"##? ?? | | ????????????????+ %g # """"%%"=!%!%=%"%* | | ????????????????# l i #] !!!#"##[[###?""# | | ????????????????# # =%[# # #???? | | ????????????????##+#Y;;;;+###########"##" ####### | | ?????????????????# %" # # | | ?????????????????#= ! " # " # " | | ????????????????? """ # "%[# # | | ?????????????????; " !"%+! + | | ????????????????#; """ # # ###### | | ?????????????????? # ##"##????# | | ????????????????????? # #?? ?????# | | ???????????????????? """ """ #######??? ????# | | ????????????????????? """G""" ??????????? ???# | | ????????????????????#????#########???????????? ??# | | | | | | | | | | | | | | | +----------------------------------------------------+ Best States ------------- Heat Dissipation 128 Coolant Potential 100 Energy Generation 114 Energy Capacity 1010 Matter Stores 300 Matter Capacity 300 Sight Range 16 Robot Scan Range 16 Terrain Scan Density 10 Jamming Range 16 Power Amplification 30 Armor Coverage 1200 Resistance: EM 20 Weapon Cycling 20 Evasion (%) 50 Targeting Accuracy 8 Core Analysis 6 Recoil Reduction 4 Particle Charging 25 Offensive Hacking 12 Authchip Count 1 Item Schematics ----------------- Gauss Rifle | -7/Zion | Archive Coil Gun | -7/Zion | Archive Transmission Jammer | -7/Zion | Archive Hyp. Gauss Cannon | -7/Zion | Archive Coolant Injector | -7/Zion | Archive Magnetic Acceleration Cannon | -7/Zion | Archive Nuclear Pulse Thruster | -7/Zion | Archive Adv. Terrain Scan Processor | -7/Zion | Archive Disruptor Cannon | -7/Zion | Archive Launcher Guidance Computer | -7/Zion | Archive Drone Bay | -7/Zion | Archive Hpw. Shock Rifle | -7/Zion | Archive Imp. Field Recycling Unit | -7/Zion | Archive Imp. Trap Scanner | -7/Zion | Archive Matter Filter | -7/Zion | Archive Combat Drone Bay | -6/Data Miner | Free Lgt. Regenerative Plating | -6/Data Miner | Free Enh. Armored Leg | -6/Data Miner | Free Exp. Heat Sink | -6/Data Miner | Free Cld. Plasma Rifle | -6/Data Miner | Free Adv. VSS Leg | -6/Data Miner | Free Adv. Coolant Injector | -6/Data Miner | Free Hyp. Mass Driver | -6/Data Miner | Free Antigrav System | -6/Data Miner | Free Adv. Cryofiber Web | -6/Data Miner | Free Biometal Medium Treads | -6/Data Miner | Free Imp. Cloaking Device | -6/Data Miner | Free Deep Structural Scanner | -5/Factory | Extrapolated 0b10 Decoder Chip [Skirmisher] | -5/Factory | Extrapolated Hyp. Alpha Cannon | -5/Factory | Extrapolated Mak. Coolant Network | -5/Factory | Extrapolated Tactical Coordination Suite | -5/Factory | Extrapolated Mak. Medium Armor Plating | -5/Factory | Extrapolated Mak. Ablative Armor | -5/Factory | Extrapolated Mak. System Shield | -5/Factory | Extrapolated Mak. Transmission Jammer | -5/Factory | Extrapolated Hvy. Beamcaster | -5/Extension | Extrapolated Hvy. Battle Rifle | -5/Extension | Extrapolated Kinetic Spear | -5/Hub_04(d) | Z-intel Force Rifle | -5/Hub_04(d) | Z-intel Antimatter Cannon | -5/Hub_04(d) | Z-intel Hvy. Proton Cannon | -5/Hub_04(d) | Z-intel Shock Maul | -5/Hub_04(d) | Z-intel Enh. Flexi-carbon Leg | -5/Hub_04(d) | Z-intel Mni. Assault Cannon | -5/Hub_04(d) | Z-intel Neutron Cannon | -5/Hub_04(d) | Z-intel Enh. Fission Core | -5/Hub_04(d) | Z-intel Cld. Aerolev Unit | -5/Hub_04(d) | Z-intel Cld. Plasma Cannon | -5/Hub_04(d) | Z-intel Prc. Energy Filter | -4/Factory | Z-intel Cld. Cesium-ion Thruster | -4/Factory | Z-intel Neutron Missile Launcher | -4/Factory | Z-intel Cld. Gravmag System | -4/Factory | Z-intel Exp. Propulsion Shielding | -4/Factory | Z-intel Adv. KE Penetrator | -4/Factory | Z-intel Adv. Dynamic Insulation System | -4/Factory | Z-intel Exp. Optical Array | -4/Factory | Z-intel Exp. Field Recycling Unit | -4/Factory | Z-intel Ionic Axe | -4/Factory | Z-intel Plasma Lance | -4/Factory | Z-intel Adv. Variable Charge Gun | -4/Factory | Z-intel Recalibrator | -4/Factory | Z-intel Imp. Target Analyzer | -4/Factory | Z-intel Imp. Component Analysis Suite | -4/Factory | Z-intel Imp. Arc Projector | -4/Factory | Z-intel Med. Matter Pod | -4/Factory | Z-intel Actuator Array | -4/Factory | Z-intel Point Defense System | -4/Factory | Z-intel Thermic Laser | -4/Factory | Z-intel Propulsion Shielding | -4/Factory | Z-intel Imp. Gyrokinetic Inverter | -4/Factory | Z-intel Imp. Transmission Jammer | -4/Factory | Z-intel Imp. Weapon Shielding | -4/Factory | Z-intel Phase Shifter | -4/Factory | Z-intel Robot Schematics ------------------ S-27 Virus | -7/Zion | Archive B-48 Gladiator | -7/Zion | Archive T-07 Excavator | -7/Zion | Archive G-50 Soldier | -6/Data Miner | Free L-41 Fighter | -6/Data Miner | Free A-15 Conveyor | -6/Data Miner | Free M-22 Extractor | -6/Data Miner | Free H-66 Slayer | -5/Factory | Z-intel K-01 Serf | -5/Factory | Z-intel Y-54 Guardian | -5/Factory | Z-intel R-06 Scavenger | -5/Factory | Z-intel Y-64 Sentinel | -5/Factory | Z-intel R-10 Processor | -5/Extension | Z-intel A-02 Transporter | -5/Extension | Z-intel E-15 Imp | -5/Extension | Z-intel B-60 Warrior | -5/Extension | Z-intel X-72 Disruptor | -5/Extension | Z-intel I-36 Angel | -5/Hub_04(d) | Z-intel D-63 Destroyer | -5/Hub_04(d) | Z-intel P-70 Sage | -5/Hub_04(d) | Z-intel Fabricated ------------ Hyp. Gauss Cannon | x2 | -6/Factory Hyp. Alpha Cannon | x1 | -4/Factory | Authchip Repaired ---------- Arm. Treads | 25% | -6/Factory Hvy. Treads | 31% | -4/Factory Arm. Huge Wheel | 17% | -4/Factory Imp. Cooling System | 2% | -4/Factory Quantum Reactor | 37% | -4/Factory Arm. Heavy Treads | 18% | -3/Research Centrium Heavy Treads | 29% | -3/Research Alien Tech Used ----------------- None Achievements -------------- None Challenges ------------ None Game ------ Seed MakeshiftDeliverySabre Manual? 0 Play Time 03:30:03 Cumulative 2000.2 hours Start 2024.11.12 @ 14:04:57 End 2024.11.14 @ 14:37:57 Sessions 3 Manual Loads 0 Difficulty Rogue Special Mode None Game No. 689 Rogue 689 Adventurer 0 Explorer 0 Win Type - Total 155 Types 31/14/65/7/1/2/33/1/1 Lore% 87 Gallery% 96 Achievement% 88 Wizard Run 0 Options --------- Layout 0 ASCII 0 Keyboard 0 Movement Numpad Keybinds 0 Fullscreen 2 Font 18/SmallcapsGlow Map View 76x50 Zoom Use 0% Tactical HUD 1 Map Filters NONE Filters NONE Steam 1 RUN: d8762407-97dc-4624-8ad4-634e8351fe4f